AoeStats
← jdac

Arena

509592185Analyzed
4v4 RM · 6d ago on Sep 27, 2026· 37m 13s· 8 players
Game mode
Random Map
Map size
Large (8 player)
Population
200
Speed
Normal
Resources
Standard
Victory
Conquest
Starting age
Dark Age
Ending age
Imperial Age
RankedLock teamsTeams togetherTeam positionsShared explorationLock speedFull tech treeHidden civsTurbo modeCheats
Victory
Defeat
🇹🇼 Teutons · Taiwan
1690
+15
🇳🇴 Saxons · Norway
1668
+16
🇳🇴 Danes · Norway
1665
+16
🇦🇷 Varangians · Argentina
1531
+22
🇧🇪 Varangians · Belgium
1823
-23
🇦🇲 Khmer · Armenia
1631
-16
🇹🇷 Bulgarians · Türkiye
1622
-15
🇪🇸 Koreans · Spain
1611
-15
Apep
9:04 Loom
10:50 Feudal Age
16:04 Castle Age
jdac
10:25 Feudal Age
14:13 Castle Age
12:28 Horse Collar
14:22 Double-Bit Axe
20:09 Bow Saw
22:35 Wheelbarrow
21:46 Loom
24:00 Stone Mining
24:01 Gold Mining
24:13 Heavy Plow
29:22 Imperial Age
27:50 Scale Mail Armor
28:02 Masonry
28:26 Hand Cart
29:03 Squires
29:20 Chain Mail Armor
29:16 Forging
30:25 Iron Casting
30:35 Conscription
30:18 Arrowslits
31:18 Gold Shaft Mining
31:33 Plate Mail Armor
32:20 Chemistry
31:15 Town Watch
32:21 Elite Fire Lancer
33:07 Elite Fire Lancer
Chaos
9:48 Feudal Age
13:35 Castle Age
12:06 Double-Bit Axe
12:03 Horse Collar
21:00 Wheelbarrow
21:44 Bow Saw
24:00 Gold Mining
28:43 Imperial Age
27:14 Forging
27:26 Hand Cart
30:07 Scale Barding Armor
30:38 Iron Casting
30:26 Elite Jarl
31:26 Conscription
31:21 Heavy Plow
31:19 Loom
33:39 Chain Barding Armor
34:31 Bloodlines
34:21 Husbandry
37:09 Blast Furnace
SHell | ANDÃO
10:26 Feudal Age
13:41 Castle Age
11:35 Double-Bit Axe
11:50 Horse Collar
16:01 Loom
21:32 Wheelbarrow
20:45 Town Watch
21:52 Bow Saw
22:01 Heavy Plow
22:45 Hand Cart
22:59 Gold Mining
23:00 Stone Mining
24:30 Scale Barding Armor
24:35 Forging
25:15 Gold Shaft Mining
25:15 Stone Shaft Mining
28:00 Imperial Age
26:18 Town Patrol
27:11 Husbandry
27:21 Bloodlines
27:33 Chain Barding Armor
27:48 Iron Casting
30:10 Chemistry
29:26 Fortified Wall
29:49 Elite Battle Elephant
30:52 Conscription
31:28 Crop Rotation
32:16 Plate Barding Armor
32:41 Blast Furnace
31:42 Tusk Swords
31:49 Fletching
32:20 Ballistics
32:13 Sappers
33:14 Bodkin Arrow
33:43 Elite Ballista Elephant
[Nors] ImSimon
10:27 Feudal Age
12:07 Double-Bit Axe
12:02 Horse Collar
14:27 Castle Age
15:31 Bow Saw
15:26 Heavy Plow
19:30 Wheelbarrow
23:14 Hand Cart
26:27 Imperial Age
23:43 Loom
23:47 Town Watch
24:11 Gold Mining
24:00 Crossbowman
24:32 Fletching
24:11 Elite Skirmisher
25:23 Bodkin Arrow
25:28 Padded Archer Armor
25:50 Ballistics
26:02 Stone Mining
26:54 Gold Shaft Mining
27:15 Leather Archer Armor
27:14 Bracer
29:10 Chemistry
28:44 Thumb Ring
28:41 Cranequins
30:26 Ring Archer Armor
31:44 Conscription
30:55 Cranequins
31:37 Husbandry
31:48 Bloodlines
32:17 Heavy Mounted Crossbowman
35:15 Pikeman
35:56 Squires
35:58 Scale Mail Armor
35:46 Halberdier
36:38 Forging
37:47 Chain Mail Armor
38:07 Iron Casting
[Nors] OG DADDY
10:28 Feudal Age
11:31 Double-Bit Axe
14:04 Castle Age
11:54 Horse Collar
14:57 Bow Saw
21:02 Wheelbarrow
21:52 Gold Mining
23:18 Gold Shaft Mining
22:34 Stone Mining
23:25 Hand Cart
23:30 Heavy Plow
27:25 Imperial Age
24:41 Loom
25:26 Scale Mail Armor
25:36 Forging
25:00 Pikeman
25:41 Squires
26:33 Chain Mail Armor
26:51 Forging
28:38 Plate Mail Armor
27:30 Halberdier
28:47 Iron Casting
29:27 Gold Shaft Mining
29:28 Stone Shaft Mining
28:31 Hamask
29:32 Conscription
30:33 Onager
32:35 Blast Furnace
31:36 Northmen's Fury
32:31 Siege Onager
33:40 Fletching
34:12 Ballistics
34:43 Bodkin Arrow
35:53 Chemistry
35:28 Masonry
35:40 Bracer
37:42 Hoardings
37:25 Siege Engineers
MrLaoLiu
5:13 Loom
8:28 Feudal Age
10:54 Fletching
21:19 Town Watch
24:16 Castle Age
22:09 Double-Bit Axe
22:06 Horse Collar
24:39 Wheelbarrow
31:17 Imperial Age
29:10 Bow Saw
30:43 Bodkin Arrow
32:36 Ballistics
32:41 Crenellations
32:43 Conscription
32:27 Scale Mail Armor
32:39 Stone Mining
32:41 Gold Mining
35:55 Fortified Wall
37:55 Hand Cart
38:52 Chemistry
gjizhijian6866
10:05 Feudal Age
14:11 Castle Age
12:26 Double-Bit Axe
13:36 Gold Mining
13:30 Horse Collar
17:03 Scale Barding Armor
17:37 Scale Barding Armor
23:16 Loom
27:58 Bow Saw
29:39 Wheelbarrow
31:44 Fortified Wall
34:43 Imperial Age
32:44 Fletching
33:37 Bodkin Arrow
35:39 Forging
35:42 Bloodlines
35:12 Pikeman
35:44 Town Watch
37:10 Squires
37:55 Hand Cart
Connection lost

Rejoining the realm…

Still unreachable

The connection could not be restored.

Session expired

The server has moved on; the page needs a fresh start.